 Dungeon Crawl Stone Soup version 0.27-a0-417-g317cea8a3c (webtiles) character file.

Game seed: 13556508318902172154

46 omnomnOMINOUS the Magician (level 3, 0/20 HPs)
             Began as a Deep Elf Hedge Wizard on Feb 25, 2021.
             Succumbed to an adder's poison
             ... on level 2 of the Dungeon.
             The game lasted 00:06:34 (2320 turns).

omnomnOMINOUS the Magician (Deep Elf Hedge Wizard)  Turns: 2320, Time: 00:06:35

Health: 0/20       AC:  3    Str:  7    XL:     3   Next: 46%
Magic:  10/11      EV: 13    Int: 19    God:
Gold:   112        SH:  0    Dex: 14    Spells: 9/12 levels left

rFire    . . .     SeeInvis .   a - +0 dagger
rCold    . . .     Faith    .   (no shield)
rNeg     . . .     Spirit   .   b - +0 robe
rPois    .         Reflect  .   c - +0 hat
rElec    .         Harm     .   (no cloak)
rCorr    .         Rampage  .   (no gloves)
Will     .....                  m - +0 pair of boots
Stlth    ++........             (no amulet)
HPRegen  0.06/turn              (no ring)
MPRegen  0.12/turn              (no ring)

@: lethally poisoned (0 -> -9), about to teleport, attractive
A: no striking features
a: no special abilities


You were on level 2 of the Dungeon.
You visited 1 branch of the dungeon, and saw 2 of its levels.

You collected 112 gold pieces.

Inventory:

Hand Weapons
 a - a +0 dagger (weapon)
Missiles
 k - 6 javelins
Armour
 b - a +0 robe (worn)
 c - a +0 hat (worn)
 j - a +1 buckler
 m - a +0 pair of boots (worn)
Scrolls
 e - 2 scrolls of identify
 i - a scroll of random uselessness {unknown}
 l - a scroll of immolation {unknown}


   Skills:
 + Level 1.0 Fighting
 + Level 3.1 Dodging
 - Level 2.4 Stealth
 + Level 0.1 Shields
 * Level 5.4 Spellcasting
 + Level 1.1 Conjurations
 - Level 1.1 Summonings
 - Level 1.1 Translocations


You had 9 spell levels left.
You knew the following spells:

 Your Spells              Type           Power        Failure   Level
a - Magic Dart            Conj           36%          8%          1
b - Blink                 Tloc           N/A          12%         2

Your spell library contained the following spells:

 Spells                   Type           Power        Failure   Level
 Call Imp                 Summ           9%           12%         2
 Slow                     Hex            5%           19%         2
 Conjure Flame            Conj/Fire      7%           28%         3
 Mephitic Cloud           Conj/Pois/Air  6%           30%         3


Dungeon Overview and Level Annotations

Branches:
Dungeon (2/15)

Altars:
Trog


Message History

It was a potion of magic.
Magic courses through your body.
You feel sick. The adder bites you. x2
It was a potion of attraction.
You feel attractive to monsters. The adder barely misses you.
Aiming: Magic Dart (safe; 8% risk of failure)
Press: ? - help, Q - select action, (/) - cycle Shift-Dir - straight line, f/p - adder
Aim: an adder (moderately wounded, 0% to evade)
The magic dart hits the adder.
The adder is moderately wounded.
You feel sick. The adder barely misses you.
As you read the scroll labelled RIKHUA XOIWAO, it crumbles to dust.
It is a scroll of identify.
h - a scroll of teleportation The adder misses you.
The adder bites you.
* * * LOW HITPOINT WARNING * * *
As you read the scroll of teleportation, it crumbles to dust.
You feel strangely unstable. The adder bites you.
* * * LOW HITPOINT WARNING * * *
You are more poisoned.
The adder poisons you!
Unknown command.
Aiming: Magic Dart (safe; 8% risk of failure)
Press: ? - help, Q - select action, (/) - cycle Shift-Dir - straight line, f/p - adder
Aim: an adder (moderately wounded, 0% to evade)
The magic dart hits the adder.
The adder is moderately wounded.
* * * LOW HITPOINT WARNING * * *
You feel sick. The adder closely misses you.
Press: ? - help, v - describe, . - travel The floor.
You are not religious.
Unknown command.
Unknown command.
Unknown command.
You aren't carrying any potions.
As you read the scroll labelled NABBAU IJEZOTZ, it crumbles to dust.
It is a scroll of enchant armour.
Your +0 buckler glows green for a moment.
You die...

#.# #.#
########
####.##
#......#
#......
#.####.#
#.##.). #.#
#.#####.##...
#.#
#.......##...
#.#
##########.#.
#@# #.#.
#.S......
#.#.
#######.#
#.#. #.##
#<.. #.##


You could see an adder.

Vanquished Creatures
  An ooze (D:1)
  5 bats
  A giant cockroach (D:1)
  5 goblins
  7 hobgoblins
  5 jackals
  A quokka (D:2)
  5 frilled lizards
  4 kobolds
  5 rats
39 creatures vanquished.

Notes
Turn   | Place    | Note
-------+----------+-------------------------------------------
     0 | D:1      | omnomnOMINOUS the Deep Elf Hedge Wizard began the quest for
                  | the Orb.
     0 | D:1      | Reached XP level 1. HP: 10/10 MP: 7/7
   403 | D:1      | Reached XP level 2. HP: 16/16 MP: 2/9
   406 | D:1      | Learned a level 2 spell: Blink
   845 | D:1      | Reached skill level 5 in Spellcasting
  1373 | D:2      | Reached XP level 3. HP: 20/20 MP: 4/11
  1636 | D:2      | Found a bloodstained altar of Trog.
  1691 | D:2      | Reached skill level 1 in Fighting
  2319 | D:2      | HP: 1/20 [poisoned by an adder]
  2320 | D:2      | Succumbed to an adder's poison

Illustrated notes

Levels and vault maps discovered:
D:1:      elethiomel_arrival_infinity_welcomes_careful_drivers,
          layout_loops_ring, kennysheep_minor_cross
D:2:      layout_basic, nicolae_overflow_hidden_temple,
          ebering_dispersal_statue_hall, minmay_pentomino_r2

Skill      XL: |  1  2  3 |
---------------+----------+-----
Spellcasting   | 5 |  5.4
Dodging        | 3 |  3.1
Fighting       | 1 |  1.0
Stealth        | |  2.4
Shields        | |  0.1
Conjurations   | |  1.1
Summonings     | |  1.1
Translocations | |  1.1

Action                   || total
-------------------------++-------
Melee: Dagger            ||    25
 Cast: Magic Dart        ||   103
  Use: Scroll            ||     3
       Potion            ||     2
Armor: Robe              ||    10
Dodge: Dodged            ||    56
Block: Buckler           ||     7

Table legend: (Time is in decaauts)
 A = Elapsed time spent in this place.
 B = Non-inter-level travel time spent in this place.
 C = Inter-level travel time spent in this place.
 D = Time resting spent in this place.
 E = Time spent auto-exploring this place.
 F = Levels seen in this place.
 G = Mean time per level.
                   A        B        C        D        E       F      G
               +--------+--------+--------+--------+--------+-----+--------+
         Total |   2323 |   2264 |     59 |    534 |   1418 |   2 | 1161.5 |
       Dungeon |   2323 |   2264 |     59 |    534 |   1418 |   2 | 1161.5 |
               +--------+--------+--------+--------+--------+-----+--------+

Top non-repeatable levels by time:
     D:1: 1733 daAuts
     D:2: 590 daAuts
